 Dungeon Crawl Stone Soup version 0.20-a0-1124-g2e29d97 (webtiles) character file.

200 Jookia the Poker (level 5, -2/46 HPs)
             Began as a Minotaur Gladiator on May 16, 2017.
             Killed from afar by an orc wizard (10 damage)
             ... with a magic dart
             ... on level 3 of the Dungeon.
             The game lasted 00:07:24 (2523 turns).

Jookia the Poker (Minotaur Gladiator)               Turns: 2523, Time: 00:07:25

Health: -2/46      AC: 10    Str: 19    XL:     5   Next: 49%
Magic:  4/4        EV:  9    Int:  6    God:
Gold:   42         SH:  0    Dex: 11    Spells: 4/4 levels left

rFire    . . .     SeeInvis .   a - +0 trident
rCold    . . .     Gourm    .   (no shield)
rNeg     . . .     Faith    .   m - +0 chain mail
rPois    .         Spirit   .   c - +0 hat
rElec    .         Reflect  .   h - +0 cloak
rCorr    .         Harm     .   (no gloves)
MR       .....                  (no boots)
Stlth    ..........             (no amulet)
Regen    0.2/turn               (no ring)
MPRegen  0.1/turn               (no ring)

@: no status effects
A: retaliatory headbutt, horns 2
a: no special abilities


You were on level 3 of the Dungeon.
You were not hungry.

You visited 1 branch of the dungeon, and saw 3 of its levels.

You collected 42 gold pieces.

Inventory:

Hand Weapons
 a - a +0 trident (weapon)
Missiles
 d - 3 throwing nets (quivered)
 e - 16 poisoned needles
Armour
 c - a +0 hat (worn)
 h - a +0 cloak (worn)
 m - a +0 chain mail (worn)
Jewellery
 b - a +5 ring of strength {unknown}
 n - an uncursed ring of stealth {unknown}
Potions
 i - 2 potions of curing {unknown}
 j - a potion of mutation {unknown}
 k - a potion of brilliance {unknown}
 l - a potion of invisibility {unknown}
Comestibles
 f - 2 bread rations


   Skills:
 + Level 3.7 Fighting
 + Level 5.2 Polearms
 - Level 2.0 Throwing
 + Level 2.8 Armour
 - Level 4.3 Dodging


You had 4 spell levels left.
You didn't know any spells.

Dungeon Overview and Level Annotations

Branches:
Dungeon (3/15)

Altars:


Innate Abilities, Weirdness & Mutations

You reflexively headbutt those who attack you in melee.
You have a pair of horns on your head.


Message History

You closely miss the orc priest.
The orc priest is moderately wounded.
Something hits you.
The orc priest hits you but does no damage.
You puncture the orc priest!
You kill the orc priest!
You hear some strange, mumbled words.
A magic dart appears from out of thin air!
The magic dart hits you!
* * * LOW HITPOINT WARNING * * *
You hear some strange, mumbled words.
A magic dart appears from out of thin air!
The magic dart hits you!
You see here a club.
There isn't anything to butcher here.
You completely miss something. You headbutt something.
You hear some strange, mumbled words.
A magic dart appears from out of thin air!
The magic dart hits you!
You die...

### #.. #.# #.# #.#
#.######
#####..)@..#
#<.....†[..## #
#########...#####...
#.............#?
#.###......>....
#...###.#... ###..
.. #... .. #....


There were no monsters in sight!

Vanquished Creatures
  An orc priest (D:3)
  Crazy Yiuf (D:2)
  Terence (D:2)
  6 adders (D:2)
  An ooze (D:2)
  2 dart slugs
  2 leopard geckos (D:2)
  2 orcs (D:3)
  4 giant cockroaches
  4 hobgoblins (D:1)
  2 jackals (D:3)
  A quokka (D:2)
  4 bats
  5 frilled lizards
  12 goblins
  2 kobolds
  7 rats
57 creatures vanquished.

Notes
Turn   | Place    | Note
-------+----------+-------------------------------------------
     0 | D:1      | Jookia the Minotaur Gladiator began the quest for the Orb.
     0 | D:1      | Reached XP level 1. HP: 18/18 MP: 0/0
   250 | D:1      | Reached XP level 2. HP: 21/25 MP: 1/1
   689 | D:1      | Reached skill level 4 in Polearms
  1076 | D:2      | Reached XP level 3. HP: 28/30 MP: 2/2
  1184 | D:2      | Reached skill level 1 in Armour
  1389 | D:2      | Noticed Terence
  1401 | D:2      | Killed Terence
  1401 | D:2      | Reached XP level 4. HP: 38/38 MP: 3/3
  1902 | D:2      | Found a runed door.
  1906 | D:2      | Noticed Crazy Yiuf
  1913 | D:2      | Killed Crazy Yiuf
  1913 | D:2      | Reached skill level 5 in Polearms
  1913 | D:2      | Reached XP level 5. HP: 12/45 MP: 4/4
  2523 | D:3      | Killed from afar by an orc wizard

Vault maps used:
D:1:      dpeg_arrival_brainrot
D:2:      uniq_terence, uniq_crazy_yiuf_cottage
D:3:      cheibrodos_pilgrimage, uniq_robin

Skill      XL: |  1  2  3  4 |
---------------+-------------+-----
Polearms       | 4 5 |  5.2
Dodging        | 4 |  4.3
Armour         | 1 2 |  2.8
Fighting       | 3 |  3.7
Throwing       | |  2.0

Action                   |  1- 3 |  4- 6 || total
-------------------------+-------+-------++-------
Melee: Trident           |    87 |    98 ||   185
       Headbutt          |     9 |    12 ||    21
  Use: Scroll            |     1 |     3 ||     4
  Eat: Chunk             |     2 |     2 ||     4
       Meat ration       |       |     1 ||     1
Armor: Leather armour    |     6 |       ||     6
       Chain mail        |    17 |    52 ||    69
Dodge: Dodged            |    43 |    49 ||    92
